Map: Rooftop Terrace

Players

FvrtCheese

  • Race: Terran Terran
  • Spawn Location: 7:00

Dzy

  • Race: Protoss Protoss
  • League: Platinum
  • Spawn Location: 6:00

squirtle

  • Race: Zerg Zerg
  • Spawn Location: 5:00

BIGDOG

  • Race: Terran Terran
  • Spawn Location: 6:00

JaySlays - Winner!

  • Race: Terran Terran
  • Spawn Location: 1:00

Wolf - Winner!

  • Race: Protoss Protoss
  • League: Diamond
  • Spawn Location: 12:00

Shady - Winner!

  • Race: Protoss Protoss
  • Spawn Location: 12:00

MiLoZooi - Winner!

  • Race: Zerg Zerg
  • Spawn Location: 11:00

VOD

Have the link to the VOD?

Description

Time

  • Played on: April 15, 2018, 8:45 p.m.
  • Length: 15:26
Show
View Real Time Build Order
Export as new Build Order

FvrtCheese Terran 

Build Orders:  

Get SALT Encoding   

  12  0:01  SCV  
  13  0:14  Supply Depot  
  13  0:19  SCV  
  14  0:31  SCV  
  15  0:42  Barracks  
  15  0:43  SCV  
  16  0:55  SCV  
  17  1:00  Barracks  
  17  1:07  SCV  
  18  1:16  Barracks  
  18  1:19  SCV  
  19  1:29  Barracks  
  19  1:38  Orbital Command  
  19  1:48  Supply Depot  
  19  2:02  Marine x2  
  19  2:03  Marine  
  22  2:13  Refinery  
  22  2:14  Refinery  
  22  2:17  Marine  
  23  2:39  Command Center  
  23  2:46  Marine x4  
  27  2:55  Engineering Bay  
  27  3:10  SCV  
  28  3:19  Supply Depot  
  28  3:22  SCV  
  28  3:26  Terran Infantry Weapons Level 1  
  29  3:34  Factory, SCV  
  30  4:10  Missile Turret  
  30  4:18  Orbital Command  
  30  4:19  SCV  
  31  4:31  SCV  
  30  4:35  Missile Turret  
  24  4:43  SCV x2  
  26  4:51  Refinery  
  26  4:55  SCV x2, Factory Tech Lab  
  26  4:57  Missile Turret  
  26  4:59  Barracks Tech Lab, Barracks Reactor  
  28  5:00  Barracks Reactor  
  28  5:07  Starport, SCV x2  
  28  5:08  Engineering Bay  
  30  5:14  Armory  
  30  5:17  Missile Turret  
  30  5:19  Marine x2, SCV x2  
  34  5:27  Liberator  
  34  5:29  Siege Tank  
  34  5:31  SCV x2  
  39  5:38  Refinery  
  39  5:47  Marine x2  
  39  5:48  Marine x3  
  47  5:51  Marauder  
  47  5:55  Terran Infantry Armor Level 1  
  49  6:07  Siege Tank  
  49  6:10  Marine x2  
  54  7:15  Supply Depot  
  54  7:16  Command Center  
  54  7:36  Supply Depot  
  54  7:37  Marine x3, Medivac, Siege Tank  
  54  7:39  Supply Depot, Terran Vehicle Weapons Level 1  
  54  7:40  Supply Depot  
  62  7:49  Missile Turret x2  
  62  7:57  Marine x3  
  65  7:58  Supply Depot  
  65  8:01  Sensor Tower  
  65  8:02  Supply Depot  
  65  8:04  Supply Depot  
  65  8:12  Missile Turret x2  
  65  8:15  Marine, Missile Turret  
  65  8:16  Missile Turret x2  
  66  8:22  Supply Depot  
  66  8:26  Supply Depot  
  66  8:27  Supply Depot, Starport Tech Lab  
  66  8:29  Orbital Command  
  66  8:31  SCV  
  66  8:32  SCV  
  68  8:36  Sensor Tower  
  68  8:43  Supply Depot, SCV  
  68  8:44  SCV  
  70  8:49  Supply Depot  
  70  8:54  Supply Depot  
  71  8:55  SCV  
  71  8:56  SCV  
  71  8:58  Starport  
  72  9:07  Refinery  
  72  9:08  SCV x3, Refinery  
  75  9:12  Terran Infantry Weapons Level 2  
  75  9:13  Terran Infantry Armor Level 2  
  75  9:15  Stimpack  
  75  9:20  SCV x3, Marauder  
  80  9:35  Marine  
  80  9:36  Marine x4, Siege Tank  
  80  9:37  Medivac  
  90  9:40  Starport Reactor  
  90  9:41  Marine  
  91  9:53  Marine x3  
  91  9:57  SCV x3  
  97  10:04  Terran Vehicle And Ship Armor Level 1  
  97  10:08  Siege Tank  
  97  10:09  SCV x3  
  91  10:36  Marine  
  91  10:37  Marine x5  
  91  10:39  Medivac  
  91  10:40  Medivac x2  
  103  10:54  Marine x6  
  106  11:12  Marine x6  
  106  11:16  Combat Shields  
  112  11:29  Marine  
  112  11:30  Marine x5  
  94  11:47  Marine  
  94  11:48  Marine x5  
  100  12:00  Medivac x3  
  106  12:04  Siege Tank  
  106  12:05  Marine  
  106  12:06  Marine x5  
  115  12:22  Supply Depot  
  115  12:23  Supply Depot, Marine x3  
  115  12:24  Marine x3  
  115  12:25  Supply Depot  
  115  12:29  Supply Depot  
  121  12:30  Medivac x3  
  121  12:35  Concussive Shells  
  121  12:36  Siege Tank  
  130  12:41  Marine x6  
  136  12:58  Marine  
  136  12:59  Marine x5  
  136  13:00  Medivac x3  
  112  13:16  Marine  
  112  13:17  Marine x3  
  88  13:26  Marine  
  70  13:30  Medivac x3  
  74  13:34  Marine  
  74  13:35  Marine x3  
  78  13:44  Marine  
  79  13:52  Marine x3  
  79  13:53  Marine  
  83  14:00  Medivac  
  83  14:02  Marine  
  86  14:10  Marine x4  
  90  14:19  Marine  
  91  14:28  Marine x3  
  87  14:37  Marine  
  88  14:41  Marine  
  88  14:45  Marine  
  88  14:46  Marine  
  90  14:55  Marine  
  90  14:59  Marine  
  74  15:03  Marine  
  74  15:04  Marine  
Show
View Real Time Build Order
Export as new Build Order

Dzy Protoss 

Build Orders:  

Get SALT Encoding   

  12  0:01  Probe (Chrono Boost)  
  13  0:18  Pylon  
  13  0:40  Forge  
  13  0:43  Gateway  
  13  0:48  Probe  
  14  1:00  Probe (Chrono Boost)  
  16  1:11  Probe (Chrono Boost)  
  16  1:16  Probe (Chrono Boost), Photon Cannon  
  17  1:43  Probe  
  18  1:48  Pylon  
  18  1:55  Probe  
  18  2:17  Assimilator  
  18  2:21  Assimilator  
  18  2:27  Probe (Chrono Boost), Cybernetics Core  
  19  2:30  Nexus  
  19  2:34  Pylon  
  20  2:37  Probe (Chrono Boost)  
  20  2:42  Probe (Chrono Boost)  
  21  2:53  Probe  
  22  3:03  Photon Cannon  
  22  3:06  Probe (Chrono Boost)  
  22  3:08  Photon Cannon  
  23  3:13  Pylon  
  23  3:18  Probe (Chrono Boost)  
  24  3:24  Probe (Chrono Boost)  
  25  3:31  Pylon  
  25  3:32  Probe  
  26  3:36  Assimilator  
  26  3:47  Probe (Chrono Boost)  
  26  3:48  Probe (Chrono Boost)  
  28  3:57  Probe (Chrono Boost)  
  28  3:59  Probe (Chrono Boost)  
  28  4:02  Probe (Chrono Boost)  
  30  4:08  Probe  
  32  4:13  Stargate  
  32  4:14  Stargate  
  32  4:20  Probe (Chrono Boost), Stargate  
  33  4:25  Probe (Chrono Boost)  
  34  4:37  Probe (Chrono Boost)  
  34  4:38  Probe (Chrono Boost)  
  36  4:43  Probe (Chrono Boost)  
  36  4:44  Photon Cannon  
  36  4:45  Probe (Chrono Boost)  
  38  4:56  Probe (Chrono Boost)  
  39  5:13  Void Ray x3  
  51  5:14  Probe (Chrono Boost)  
  52  5:26  Probe  
  53  5:30  Assimilator  
  53  5:38  Probe  
  54  5:50  Probe  
  54  5:56  Void Ray  
  59  6:02  Probe  
  60  6:05  Pylon  
  60  6:14  Probe  
  60  6:16  Pylon  
  61  6:21  Pylon  
  61  6:23  Void Ray x2  
  69  6:26  Pylon  
  69  6:39  Void Ray  
  73  7:06  Void Ray x2  
  73  7:08  Nexus  
  81  7:14  Photon Cannon  
  81  7:17  Photon Cannon  
  81  7:20  Photon Cannon  
  81  7:21  Void Ray  
  85  7:28  Fleet Beacon  
  85  7:31  Probe  
  86  7:42  Probe  
  86  7:43  Probe  
  88  7:54  Probe  
  88  7:55  Probe  
  90  8:06  Probe  
  90  8:07  Probe  
  92  8:18  Probe  
  92  8:19  Probe  
  94  8:22  Carrier x2  
  106  8:30  Probe  
  106  8:32  Probe  
  108  8:40  Protoss Air Weapons Level 1  
  108  8:44  Probe (Chrono Boost)  
  108  8:46  Assimilator  
  108  8:47  Assimilator  
  109  9:05  Pylon x2  
  109  9:07  Pylon  
  109  9:09  Pylon  
  109  9:12  Pylon  
  109  9:18  Graviton Catapult  
  109  9:22  Carrier  
  109  9:23  Probe x2  
  117  9:32  Cybernetics Core  
  117  9:33  Cybernetics Core  
  117  9:35  Probe x2  
  119  9:42  Twilight Council  
  119  9:44  Forge  
  119  9:47  Probe x2  
  119  9:48  Carrier x2  
  133  10:07  Protoss Shields Level 1  
  133  10:11  Protoss Air Armor Level 1 (Chrono Boost)  
  133  10:33  Stargate  
  133  10:36  Stargate  
  133  10:37  Stargate  
  133  10:40  Stargate  
  133  10:45  Protoss Air Weapons Level 2 (Chrono Boost)  
  133  11:18  Void Ray x3  
  145  12:01  Void Ray  
  149  12:12  Pylon  
  149  12:14  Pylon  
  149  12:16  Pylon  
  149  12:17  Pylon  
  149  12:20  Pylon  
  149  12:28  Protoss Air Armor Level 2 (Chrono Boost)  
  149  12:30  Void Ray x2  
  149  12:32  Void Ray x2  
  149  12:33  Void Ray x2  
  115  13:27  Void Ray  
  91  13:36  Void Ray  
  90  14:05  Photon Cannon  
  90  14:06  Photon Cannon  
  90  14:07  Photon Cannon x2  
  85  14:10  Photon Cannon  
  85  14:11  Photon Cannon  
  85  14:13  Photon Cannon  
  85  14:15  Photon Cannon  
  71  14:17  Photon Cannon  
  71  14:18  Photon Cannon  
  71  14:20  Photon Cannon  
Show
View Real Time Build Order
Export as new Build Order

squirtle Zerg 

Build Orders: Hatch First, Lurkers 

Get SALT Encoding   

  12  0:02  Drone  
  13  0:11  Drone  
  14  0:19  Extractor, Drone  
  15  0:41  Hatchery  
  14  0:47  Extractor, Drone  
  14  1:04  Spawning Pool  
  14  1:10  Drone  
  14  1:16  Overlord  
  14  1:34  Drone  
  14  1:35  Drone x2  
  17  1:46  Drone  
  18  1:53  Metabolic Boost  
  18  1:58  Queen  
  20  2:11  Queen  
  22  2:22  Zergling x6  
  25  2:23  Zergling x2  
  25  2:26  Overlord  
  26  2:30  Zergling x2  
  26  2:33  Zergling x2  
  28  2:45  Zergling x2  
  28  2:46  Zergling x4  
  31  2:57  Overlord  
  31  3:01  Zergling x2  
  32  3:06  Zergling x6  
  32  3:07  Zergling x2  
  36  3:20  Drone x2  
  36  3:26  Drone x3  
  40  3:35  Zergling x4  
  41  3:45  Zergling x4  
  39  3:54  Zergling x4  
  35  3:59  Zergling x8  
  37  4:03  Drone x2  
  37  4:04  Drone  
  40  4:36  Zergling x4  
  40  4:37  Zergling x8  
  40  4:38  Zergling x2  
  43  4:39  Drone  
  43  4:40  Overlord  
  41  4:50  Lair  
  41  4:53  Extractor  
  41  4:57  Drone x2  
  41  4:58  Drone x3  
  45  5:07  Overlord  
  45  5:11  Drone  
  45  5:13  Drone x4  
  50  5:32  Overlord  
  50  5:48  Drone x2, Hydralisk Den  
  50  5:49  Drone x3  
  55  5:50  Drone  
  55  5:55  Extractor  
  55  5:56  Extractor, Drone x2  
  55  5:57  Drone  
  56  6:04  Evolution Chamber  
  55  6:06  Drone x2  
  55  6:07  Evolution Chamber  
  56  6:22  Hydralisk x4  
  64  6:28  Grooved Spines  
  64  6:32  Hydralisk x2  
  68  6:41  Overlord  
  68  6:43  Hatchery  
  67  6:50  Overlord x2  
  67  6:53  Zerg Missile Weapons Level 1  
  67  6:54  Zerg Ground Armor Level 1  
  67  6:58  Queen  
  67  7:00  Overlord  
  69  7:03  Hydralisk x2  
  73  7:14  Hydralisk x2  
  73  7:15  Hydralisk  
  79  7:16  Overlord  
  79  7:40  Lurker Den  
  79  7:41  Hydralisk x2  
  79  7:42  Hydralisk  
  84  7:51  Drone  
  84  7:52  Drone x5  
  84  7:57  Drone  
  91  8:04  Pneumatized Carapace  
  91  8:06  Overlord  
  91  8:11  Hydralisk x2  
  95  8:15  Drone x2, Extractor  
  95  8:16  Drone  
  95  8:17  Extractor  
  96  8:27  Muscular Augments  
  96  8:34  Hydralisk  
  96  8:35  Hydralisk x4  
  96  8:36  Hydralisk  
  96  8:38  Drone  
  96  8:39  Drone  
  110  8:50  Hydralisk x2  
  110  8:51  Overlord  
  114  8:56  Overlord x2  
  114  8:57  Overlord  
  114  9:11  Lurker x4  
  118  9:22  Drone x6  
  118  9:23  Drone x4  
  128  9:28  Spore Crawler  
  128  9:29  Spore Crawler  
  126  9:32  Spore Crawler  
  126  9:36  Spore Crawler  
  126  9:37  Spore Crawler  
  123  9:54  Overseer x2  
  123  9:56  Hydralisk  
  123  9:57  Hydralisk x5  
  135  10:18  Spore Crawler  
  134  10:25  Lurker  
  134  10:27  Lurker x2  
  137  11:07  Overlord x2  
  137  11:10  Zerg Ground Armor Level 2, Zerg Missile Weapons Level 2  
  137  11:11  Overlord  
  137  12:01  Infestation Pit  
  136  12:29  Hydralisk x5  
  140  12:30  Hydralisk x5  
  140  12:31  Hydralisk x2  
  151  13:40  Nydus Network  
  147  13:51  Hydralisk x7  
  158  14:17  Nydus Canal  
  115  14:34  Hydralisk x4  
  115  14:35  Hydralisk x5  
Show
View Real Time Build Order
Export as new Build Order

BIGDOG Terran 

Build Orders: MMM Bio 

Get SALT Encoding   

  12  0:02  SCV  
  13  0:14  SCV  
  14  0:24  Supply Depot  
  14  0:26  SCV  
  15  0:41  Supply Depot  
  15  0:50  Barracks  
  15  1:05  Barracks  
  15  1:07  Supply Depot  
  15  1:15  SCV  
  16  1:19  Refinery  
  16  1:27  SCV  
  16  1:30  Refinery  
  17  1:39  SCV  
  18  1:52  SCV  
  19  2:03  Marine x2  
  19  2:04  SCV  
  22  2:16  SCV  
  22  2:21  Marine x2  
  25  2:27  Factory  
  25  2:35  Orbital Command  
  25  2:41  Marine  
  25  2:43  Marine  
  27  2:58  Marine  
  27  3:00  Supply Depot  
  27  3:01  Marine  
  29  3:11  Factory Tech Lab  
  29  3:17  Barracks Tech Lab  
  29  3:19  Barracks Reactor  
  29  3:45  Siege Tank  
  32  3:50  Stimpack  
  32  3:57  Starport  
  32  4:17  Siege Tank  
  32  4:19  Command Center  
  35  4:42  Marine  
  35  4:43  Marine  
  37  4:54  Engineering Bay  
  37  5:07  Siege Tank  
  40  5:12  Starport Reactor  
  40  5:13  Engineering Bay  
  40  5:16  Armory  
  40  5:19  SCV  
  41  5:31  SCV  
  41  5:32  Orbital Command  
  42  5:43  SCV  
  43  5:51  Combat Shields  
  43  5:52  Terran Infantry Weapons Level 1  
  43  5:58  SCV  
  44  6:10  SCV  
  45  6:13  SCV  
  46  6:19  Medivac  
  46  6:22  SCV  
  46  6:23  Medivac  
  51  6:25  SCV  
  52  6:34  SCV  
  52  6:37  SCV  
  52  6:38  Refinery  
  54  6:40  Refinery  
  54  6:45  Terran Infantry Armor Level 1  
  54  6:46  SCV  
  55  6:49  Marine x2, Medivac  
  55  6:50  Marine  
  60  6:58  Supply Depot, SCV  
  61  7:03  Supply Depot  
  61  7:07  Marine x3  
  64  7:10  Supply Depot, SCV  
  65  7:25  Marine  
  65  7:28  Marine  
  65  7:29  Marine  
  68  7:43  Marine, Command Center  
  69  7:46  Marine  
  71  7:56  Marauder  
  72  8:00  Terran Infantry Weapons Level 2  
  72  8:01  Marine  
  72  8:04  Marine  
  74  8:10  Concussive Shells  
  74  8:17  Marauder  
  74  8:18  Marine  
  77  8:22  Marine  
  78  8:28  SCV  
  79  8:38  Marauder  
  79  8:40  SCV  
  82  8:44  Terran Infantry Armor Level 2  
  82  8:49  SCV  
  82  8:52  SCV  
  82  8:55  Orbital Command  
  84  9:00  Medivac, Marauder  
  84  9:01  Medivac, SCV  
  91  9:04  SCV  
  91  9:09  Barracks  
  92  9:11  Barracks  
  92  9:13  SCV  
  92  9:16  SCV  
  94  9:21  Marauder  
  96  9:25  SCV  
  97  9:37  SCV  
  74  10:19  Barracks Reactor  
  74  10:20  Barracks Reactor  
  68  10:45  Terran Infantry Weapons Level 3  
  68  10:47  Medivac x2  
  72  10:59  Thor  
  78  11:06  Terran Vehicle Weapons Level 1  
  78  11:08  SCV  
  79  11:15  Refinery  
  79  11:17  Medivac x2  
  83  11:20  SCV  
  83  11:23  Refinery  
  84  11:32  SCV  
  84  11:42  Thor  
  84  11:43  Marauder  
  84  11:44  Marine, SCV  
  84  11:45  Marine x5  
  99  11:47  Medivac, Viking  
  103  11:56  SCV  
  104  12:02  Marine x2  
  104  12:03  Marine x4  
  104  12:04  Marauder  
  112  12:17  Viking x2  
  112  12:20  Marine  
  117  12:31  Supply Depot  
  117  12:32  Supply Depot x2  
  117  12:33  Supply Depot  
  117  12:34  Supply Depot  
  117  12:53  Marine x6, Marauder, Viking x2  
  117  12:55  Supply Depot  
  129  13:10  Marine x6  
  135  13:15  Marauder  
  137  13:23  Viking  
  139  13:28  Marine x6  
  145  13:36  Marauder  
  145  13:39  Viking  
  149  13:46  Marine x6  
  155  13:53  Viking  
  151  13:57  Marine  
  152  14:04  Marine x5  
  152  14:07  Marine  
  152  14:09  Viking  
  101  14:22  Marine x3  
  101  14:23  Viking  
  98  14:25  Marine  
Show
View Real Time Build Order
Export as new Build Order

JaySlays Terran - Winner!

Build Orders:  

Get SALT Encoding   

  12  0:01  SCV  
  13  0:13  SCV  
  14  0:22  Supply Depot  
  14  0:25  SCV  
  15  0:44  SCV  
  15  0:45  Barracks  
  15  0:49  Refinery  
  16  0:56  SCV  
  17  1:02  Refinery  
  17  1:08  SCV  
  18  1:20  SCV  
  19  1:33  Orbital Command  
  19  1:40  Factory  
  19  1:52  Reaper  
  20  2:11  SCV  
  21  2:16  Command Center  
  21  2:25  Supply Depot  
  21  2:28  Factory Reactor  
  21  2:34  Barracks Reactor  
  21  2:44  SCV  
  22  2:56  SCV  
  23  3:04  Factory  
  23  3:08  SCV, Cyclone  
  23  3:10  Cyclone  
  30  3:20  Supply Depot  
  30  3:24  SCV  
  30  3:36  SCV  
  31  3:52  Cyclone x2  
  37  4:00  SCV x2  
  39  4:07  Factory Reactor  
  39  4:12  SCV  
  40  4:18  SCV  
  41  4:24  SCV  
  41  4:30  Refinery  
  42  4:33  Refinery  
  39  4:54  Cyclone x3  
  39  4:58  SCV  
  50  5:06  Orbital Command  
  49  5:10  SCV, Armory  
  50  5:22  SCV  
  51  5:32  SCV  
  51  5:34  SCV  
  53  5:45  SCV  
  53  5:48  Supply Depot  
  54  5:50  Supply Depot  
  54  6:10  SCV x2, Cyclone x2  
  62  6:11  Cyclone x2  
  68  6:20  Factory  
  68  6:22  SCV x2  
  70  6:35  Command Center  
  70  6:40  Supply Depot  
  70  6:43  Supply Depot  
  70  6:46  SCV x2, Cyclone x2  
  78  6:58  Terran Vehicle Weapons Level 1  
  78  7:01  SCV x2  
  80  7:13  SCV x2  
  82  7:25  Cyclone  
  82  7:26  Cyclone  
  82  7:28  Factory Tech Lab  
  88  7:33  SCV x2  
  90  7:44  Armory  
  90  7:45  SCV  
  90  7:50  Starport  
  91  7:51  Cyclone x2  
  97  8:09  Siege Tank  
  100  8:15  Hellion x2  
  100  8:18  Orbital Command  
  104  8:21  SCV x2  
  104  8:24  Hellion  
  108  8:32  Starport Tech Lab  
  108  8:33  Supply Depot, SCV  
  109  8:34  Terran Vehicle And Ship Armor Level 1  
  109  8:37  Supply Depot  
  109  8:55  Hellion, SCV x3  
  114  8:59  Supply Depot  
  114  9:07  SCV  
  115  9:13  Raven  
  117  9:18  Factory, SCV x2  
  117  9:19  SCV  
  117  9:22  Supply Depot  
  120  9:24  Refinery  
  120  9:25  Supply Depot, Siege Tank  
  120  9:30  Hellion x4, SCV  
  132  9:43  Refinery  
  132  9:46  Supply Depot  
  114  10:15  Siege Tank  
  114  10:17  Hellion x3  
  114  10:18  Hellion x2  
  127  10:35  Raven  
  129  10:47  Siege Tank  
  129  10:48  Hellion x3  
  129  10:49  Hellion  
  142  10:53  Factory Tech Lab  
  142  10:55  Terran Vehicle Weapons Level 2  
  142  10:56  Terran Vehicle And Ship Armor Level 2  
  140  11:01  SCV  
  141  11:05  SCV x2  
  141  11:09  Hellion  
  145  11:18  Starport  
  145  11:20  Siege Tank  
  148  11:36  Siege Tank  
  148  11:38  Hellbat x3  
  157  12:00  Starport Tech Lab  
  157  12:02  Supply Depot x2  
  157  12:03  Supply Depot  
  157  12:05  Supply Depot  
  157  12:16  Hellbat x2, Siege Tank x2  
  157  12:17  Hellbat x2  
  157  12:18  SCV x2  
  157  12:19  SCV  
  174  12:37  Hellbat x2  
  174  12:38  Hellbat x2  
  182  12:48  Siege Tank x2  
  192  13:50  Thor x2  
  106  14:48  Siege Tank x2  
  106  14:50  Hellion x2  
  106  14:51  Hellion x2  
Show
View Real Time Build Order
Export as new Build Order

Wolf Protoss - Winner!

Build Orders:  

Get SALT Encoding   

  12  0:02  Probe  
  13  0:14  Probe  
  14  0:22  Pylon  
  14  0:26  Probe  
  15  0:40  Probe (Chrono Boost)  
  16  0:43  Gateway  
  16  0:48  Assimilator  
  16  0:49  Probe (Chrono Boost)  
  17  0:57  Probe  
  18  1:09  Probe  
  19  1:18  Gateway  
  19  1:21  Probe  
  20  1:32  Cybernetics Core  
  20  1:34  Probe  
  21  1:52  Nexus  
  21  2:09  Stalker  
  23  2:21  Pylon  
  23  2:32  Assimilator  
  23  2:38  Stalker  
  23  2:39  Probe  
  23  2:42  Pylon  
  23  2:43  Stalker  
  28  2:47  Warp Gate  
  28  2:51  Probe  
  29  3:03  Probe (Chrono Boost)  
  30  3:07  Probe (Chrono Boost)  
  30  3:12  Stalker  
  34  3:14  Probe (Chrono Boost)  
  34  3:15  Probe (Chrono Boost)  
  35  3:21  Stalker  
  35  3:23  Probe (Chrono Boost)  
  38  3:28  Probe (Chrono Boost)  
  40  3:35  Probe (Chrono Boost)  
  40  3:38  Probe (Chrono Boost)  
  26  3:49  Probe  
  26  3:50  Probe  
  23  4:01  Probe  
  23  4:02  Probe, Pylon  
  25  4:14  Probe (Chrono Boost), Pylon  
  25  4:15  Probe (Chrono Boost)  
  27  4:29  Forge  
  27  5:03  Probe (Chrono Boost)  
  27  5:06  Probe (Chrono Boost), Gateway  
  29  5:08  Gateway  
  29  5:10  Gateway  
  29  5:12  Robotics Facility  
  29  5:14  Probe (Chrono Boost)  
  31  5:15  Protoss Ground Weapons Level 1  
  31  5:17  Probe (Chrono Boost)  
  31  5:18  Probe (Chrono Boost)  
  32  5:26  Probe  
  33  5:30  Stalker  
  33  5:31  Stalker  
  33  5:34  Probe  
  38  5:38  Probe (Chrono Boost)  
  41  5:50  Probe (Chrono Boost)  
  41  5:52  Probe (Chrono Boost)  
  41  5:58  Probe (Chrono Boost)  
  41  6:00  Pylon  
  41  6:01  Immortal, Probe (Chrono Boost)  
  47  6:04  Probe  
  47  6:07  Assimilator  
  47  6:09  Assimilator  
  48  6:11  Probe  
  48  6:16  Probe  
  50  6:21  Twilight Council  
  50  6:23  Probe  
  51  6:30  Probe  
  52  6:36  Probe  
  53  6:40  Observer  
  53  6:42  Probe  
  55  6:48  Probe  
  56  6:54  Probe  
  56  7:00  Probe  
  58  7:02  Immortal  
  58  7:03  Nexus  
  58  7:04  Pylon  
  62  7:09  Zealot x2  
  62  7:11  Zealot  
  62  7:14  Charge  
  68  7:15  Protoss Ground Weapons Level 2 (Chrono Boost)  
  68  7:28  Templar Archives  
  68  7:41  Immortal  
  72  7:52  Pylon  
  72  7:55  Pylon  
  72  7:59  Probe x2  
  72  8:00  Pylon  
  72  8:03  Pylon  
  74  8:06  Assimilator  
  74  8:10  Zealot  
  74  8:11  Probe, Assimilator, Zealot  
  74  8:12  Probe  
  80  8:22  Warp Prism  
  80  8:23  Psionic Storm  
  80  8:24  Probe x2 (Chrono Boost)  
  80  8:26  Forge  
  82  8:33  Probe (Chrono Boost)  
  85  8:38  Probe (Chrono Boost)  
  85  8:40  Probe (Chrono Boost)  
  87  8:44  Probe (Chrono Boost)  
  87  8:47  Probe (Chrono Boost)  
  87  8:48  Probe (Chrono Boost), High Templar x2  
  92  8:49  Zealot, High Templar x2  
  92  8:53  Archon x2  
  100  8:56  Protoss Ground Armor Level 1 (Chrono Boost)  
  100  9:06  Immortal  
  104  9:12  Zealot  
  106  9:21  Probe x3  
  109  9:31  Zealot  
  109  9:32  Zealot x3  
  109  9:33  Probe x3  
  109  9:35  Sentry  
  122  9:45  Probe  
  123  9:58  Pylon  
  123  10:00  Gateway  
  123  10:01  Gateway  
  123  10:04  Gateway  
  123  10:07  Pylon, Gateway  
  123  10:11  Pylon  
  123  10:13  Pylon  
  123  10:17  Immortal  
  127  10:40  Zealot x3  
  127  10:41  Zealot  
  135  10:56  Immortal  
  139  11:16  Pylon x2  
  139  11:17  Pylon  
  139  11:18  Pylon  
  139  11:19  Pylon  
  139  11:21  Pylon x2  
  139  11:26  Zealot x5  
  139  11:27  Zealot x4  
  157  11:35  Immortal  
  161  12:11  Immortal (Chrono Boost)  
  165  12:20  Protoss Ground Weapons Level 3 (Chrono Boost)  
  165  12:23  Protoss Ground Armor Level 2 (Chrono Boost)  
  165  12:34  High Templar x2  
  165  12:35  High Templar x6  
  165  12:36  High Templar  
  183  12:39  Archon x4  
  183  12:44  Immortal  
  157  13:23  Immortal  
  151  13:36  High Templar  
  151  13:37  High Templar x6  
  151  13:38  High Templar x2  
  169  13:42  Archon x2  
  169  13:43  Archon x2  
  169  14:14  Stargate  
  169  14:15  Stargate x2  
  163  14:19  Stargate  
  118  14:47  Zealot  
  118  14:48  Zealot x7  
  146  15:18  Fleet Beacon  
Show
View Real Time Build Order
Export as new Build Order

Shady Protoss - Winner!

Build Orders:  

Get SALT Encoding   

  12  0:02  Probe (Chrono Boost)  
  13  0:17  Pylon  
  13  0:18  Probe (Chrono Boost)  
  14  0:28  Probe  
  15  0:40  Gateway  
  15  0:43  Probe  
  16  0:58  Assimilator  
  16  0:59  Probe  
  17  1:04  Pylon  
  17  1:11  Probe  
  18  1:13  Assimilator  
  18  1:23  Probe (Chrono Boost)  
  19  1:29  Cybernetics Core  
  19  1:35  Probe (Chrono Boost)  
  20  1:44  Probe (Chrono Boost)  
  21  1:59  Probe, Nexus  
  22  2:07  Stalker  
  24  2:15  Probe  
  25  2:27  Probe, Pylon  
  26  2:33  Pylon  
  26  2:35  Warp Gate (Chrono Boost)  
  26  2:39  Stalker  
  28  2:48  Probe  
  29  2:53  Stargate  
  29  3:00  Probe  
  30  3:09  Zealot  
  33  3:18  Probe (Chrono Boost), Assimilator  
  33  3:21  Probe (Chrono Boost), Assimilator  
  33  3:25  Probe (Chrono Boost)  
  35  3:30  Probe  
  36  3:36  Probe  
  37  3:42  Probe  
  37  3:45  Zealot  
  40  3:50  Void Ray  
  40  3:51  Probe  
  40  3:54  Probe  
  46  4:11  Fleet Beacon  
  46  4:13  Probe (Chrono Boost)  
  46  4:14  Probe (Chrono Boost)  
  46  4:15  Pylon  
  49  4:29  Probe (Chrono Boost)  
  49  4:34  Zealot  
  51  4:49  Probe (Chrono Boost)  
  53  4:53  Probe (Chrono Boost)  
  54  5:00  Probe (Chrono Boost)  
  54  5:04  Probe (Chrono Boost)  
  54  5:05  Pylon  
  55  5:08  Stalker  
  55  5:10  Pylon, Graviton Catapult (Chrono Boost)  
  57  5:17  Stargate  
  57  5:21  Stargate  
  57  5:23  Stargate  
  57  5:28  Probe x2  
  59  5:39  Protoss Air Weapons Level 1  
  59  5:44  Forge, Cybernetics Core  
  59  5:46  Pylon x2  
  59  5:50  Probe, Nexus  
  60  6:04  Carrier  
  60  6:07  Probe x2  
  68  6:19  Probe, Carrier  
  68  6:20  Probe  
  76  6:35  Probe (Chrono Boost)  
  76  6:37  Probe (Chrono Boost)  
  78  6:45  Protoss Air Armor Level 1 (Chrono Boost)  
  79  6:47  Probe (Chrono Boost)  
  79  6:48  Nexus  
  79  6:53  Protoss Shields Level 1, Probe (Chrono Boost)  
  80  6:55  Probe (Chrono Boost)  
  80  7:00  Probe  
  82  7:08  Carrier  
  82  7:11  Probe (Chrono Boost)  
  91  7:16  Probe (Chrono Boost)  
  91  7:17  Assimilator  
  91  7:18  Probe (Chrono Boost)  
  91  7:21  Probe (Chrono Boost)  
  92  7:22  Assimilator  
  92  7:25  Probe (Chrono Boost)  
  95  7:30  Probe (Chrono Boost)  
  95  7:31  Probe (Chrono Boost)  
  95  7:32  Carrier  
  95  7:36  Probe  
  101  7:38  Probe x2  
  104  7:48  Probe  
  104  7:50  Probe  
  106  7:51  Carrier  
  112  8:07  Probe, Protoss Air Weapons Level 2 (Chrono Boost)  
  112  8:08  Probe x3  
  116  8:17  Assimilator  
  116  8:18  Carrier  
  116  8:19  Assimilator  
  123  8:20  Probe (Chrono Boost)  
  123  8:23  Probe x2 (Chrono Boost)  
  123  8:24  Probe (Chrono Boost)  
  126  8:30  Pylon  
  126  8:31  Pylon  
  126  8:32  Probe (Chrono Boost), Pylon  
  130  8:35  Probe x3 (Chrono Boost)  
  130  8:39  Pylon  
  130  8:43  Stargate  
  130  8:46  Stargate  
  130  8:55  Carrier, Protoss Air Armor Level 2 (Chrono Boost)  
  136  9:14  Twilight Council  
  136  9:29  Carrier  
  142  9:37  Carrier  
  148  9:49  Protoss Shields Level 2 (Chrono Boost)  
  148  9:51  Carrier  
  154  10:11  Carrier  
  160  10:40  Pylon  
  160  10:42  Pylon  
  160  10:43  Pylon  
  160  10:44  Pylon  
  160  10:46  Pylon  
  160  10:50  Protoss Air Weapons Level 3 (Chrono Boost)  
  160  10:51  Pylon x2  
  160  10:53  Pylon  
  160  10:55  Pylon  
  160  10:58  Carrier x2  
  172  11:06  Protoss Air Armor Level 3 (Chrono Boost), Carrier  
  173  11:26  Carrier  
  179  11:46  Charge  
  179  11:55  Protoss Shields Level 3 (Chrono Boost)  
  179  11:59  Pylon x2  
  179  12:01  Pylon  
  179  12:02  Pylon  
  179  12:26  Gateway x2  
  179  12:28  Gateway  
  179  12:30  Gateway  
  179  12:33  Gateway  
  179  12:37  Gateway  
  179  12:41  Gateway x2  
  179  12:42  Nexus  
  179  12:45  Gateway  
  179  12:46  Robotics Facility, Assimilator  
  179  12:51  Assimilator  
  145  13:43  Carrier x2  
  145  13:44  Carrier x4  
  181  13:49  Warp Prism  
  181  14:51  Zealot x3  
  181  14:52  Zealot x5  
  195  14:53  Zealot  
Show
View Real Time Build Order
Export as new Build Order

MiLoZooi Zerg - Winner!

Build Orders: Hatch First 

Get SALT Encoding   

  12  0:01  Drone  
  13  0:10  Drone  
  14  0:23  Overlord  
  14  0:33  Extractor  
  14  0:34  Drone  
  15  0:43  Drone x2  
  17  0:52  Drone  
  18  1:05  Hatchery  
  17  1:12  Drone  
  17  1:16  Extractor  
  17  1:27  Drone, Spawning Pool  
  17  1:35  Drone  
  18  1:48  Drone  
  19  2:06  Drone, Hatchery  
  19  2:13  Queen  
  21  2:22  Queen  
  23  2:26  Drone  
  24  2:33  Metabolic Boost  
  24  2:44  Zergling x4  
  26  2:46  Drone x2  
  28  2:55  Overlord  
  28  3:09  Evolution Chamber  
  27  3:13  Queen  
  27  3:16  Drone x3  
  32  3:22  Drone  
  33  3:31  Drone x2  
  33  3:32  Extractor  
  34  3:36  Zergling x8  
  38  3:50  Zergling x8  
  42  4:02  Zerg Ground Armor Level 1  
  42  4:19  Overlord x4  
  41  4:25  Overlord  
  41  4:36  Zergling x4  
  41  4:37  Zergling x8  
  42  4:51  Lair  
  42  4:53  Spore Crawler  
  41  5:00  Spore Crawler, Queen  
  41  5:01  Drone  
  41  5:02  Drone x3  
  46  5:16  Drone x3  
  46  5:17  Drone  
  46  5:19  Extractor  
  46  5:21  Drone x2  
  51  5:22  Drone  
  52  5:31  Drone x4  
  56  5:49  Drone x2  
  59  5:50  Drone x3  
  59  5:52  Overlord x2  
  61  6:07  Drone x3, Hydralisk Den  
  63  6:14  Drone x5  
  63  6:15  Extractor  
  67  6:19  Drone x5  
  67  6:24  Zerg Missile Weapons Level 1  
  72  6:30  Spore Crawler  
  72  6:32  Drone x2  
  73  6:42  Grooved Spines  
  73  6:44  Hydralisk x4  
  81  6:50  Extractor x2  
  79  6:58  Drone x3, Spore Crawler  
  81  7:02  Spore Crawler  
  81  7:04  Spore Crawler  
  81  7:06  Hydralisk x4  
  87  7:19  Drone  
  87  7:20  Drone  
  87  7:21  Overlord x3  
  89  7:32  Overlord x2  
  89  7:37  Overseer  
  89  7:45  Drone  
  89  7:50  Drone x4  
  89  7:51  Drone x2  
  96  7:56  Spore Crawler  
  95  8:00  Overlord  
  95  8:04  Hydralisk x5  
  95  8:05  Hydralisk x4  
  113  8:13  Evolution Chamber  
  113  8:17  Infestation Pit  
  111  8:27  Zerg Missile Weapons Level 2  
  111  8:38  Spore Crawler  
  110  8:41  Overlord x3  
  110  8:42  Overlord  
  110  8:44  Hydralisk x5  
  110  8:45  Hydralisk x3  
  126  8:49  Drone  
  126  8:52  Zerg Ground Armor Level 2  
  127  9:01  Spore Crawler  
  127  9:02  Hive  
  126  9:20  Hydralisk x4  
  126  9:21  Hydralisk  
  136  9:34  Hydralisk x5, Hatchery  
  145  9:51  Muscular Augments  
  145  9:54  Pneumatized Carapace  
  137  10:34  Hydralisk x2  
  137  10:35  Hydralisk x6  
  153  10:44  Hydralisk x5  
  153  10:45  Hydralisk x6  
  174  10:59  Overlord x6  
  174  11:18  Hydralisk x3  
  174  11:19  Hydralisk x6  
  174  11:20  Hydralisk x3  
  198  11:30  Drone x2  
  200  11:49  Zerg Missile Weapons Level 3  
  200  11:50  Zerg Ground Armor Level 3  
  198  12:06  Spore Crawler  
  198  12:08  Spore Crawler  
  196  12:11  Adrenal Glands  
  196  12:16  Drone  
  196  12:17  Drone x2  
  196  12:20  Extractor  
  196  12:21  Extractor  
  196  12:22  Drone x3  
  200  12:38  Spore Crawler  
  181  13:13  Hydralisk x5  
  181  13:14  Hydralisk x4  
  198  13:46  Drone x3  
  199  13:56  Hatchery  
Tags
 
Add a new tag
Caveats
  • Supply blocks, unpowered buildings, or Contaminate may cause inaccurate times.
  • Supply counts are checked every 10 seconds.